 Seeded DCSS version 0.29.1-15-g9cfb28693d (webtiles) character file.

Game seed: 14036611466628663890 (custom seed)

632 Sanktem7 the Chopper (level 7, -12/61 HPs)
             Began as a Minotaur Fighter on Mar 13, 2023.
             Killed by divine providence
             ... invoked by an orc priest
              (14 damage)
             ... on level 4 of the Dungeon.
             The game lasted 00:04:05 (3449 turns).

Sanktem7 the Chopper (Minotaur Fighter)             Turns: 3449, Time: 00:04:06

Health: -12/61     AC: 13    Str: 23    XL:     7   Next: 24%
Magic:  6/6        EV:  7    Int:  5    God:
Gold:   271        SH:  5    Dex:  9    Spells: 6/6 levels left

rFire   . . .      SeeInvis .   a - +0 war axe {axe}
rCold   . . .      Faith    .   c - +0 buckler
rNeg    . . .      Spirit   .   t - +0 chain mail
rPois   .          Reflect  .   (helmet restricted)
rElec   .          Harm     .   p - +0 cloak
rCorr   .          Rampage  .   s - +0 pair of gloves
Will    .....                   q - +0 pair of boots
Stlth   ..........              (no amulet)
HPRegen 0.20/turn               (no ring)
MPRegen 0.10/turn               (no ring)

@: no status effects
A: horns 2, retaliatory headbutt
a: no special abilities


You were on level 4 of the Dungeon.
You visited 1 branch of the dungeon, and saw 4 of its levels.

You collected 271 gold pieces.


Innate Abilities, Weirdness & Mutations

You have a pair of horns on your head.
You reflexively headbutt those who attack you in melee.


   Skills:
 + Level 5.5 Fighting
 * Level 6.4 Axes
 + Level 5.5 Armour
 + Level 5.5 Shields


You had 6 spell levels left.
You didn't know any spells.
Your spell library contained the following spells:

 Spells                   Type           Power      Damage    Failure   Level
 Sandblast                Erth           0%         2d4       99%         1
 Ensorcelled Hibernation  Hex/Ice        0%         N/A       100%        2
 Passwall                 Tmut/Erth      0%         N/A       100%        2
 Stone Arrow              Conj/Erth      0%         3d7       100%        3
 Swiftness                Air            0%         N/A       100%        3

Inventory:

Hand Weapons
 a - a +0 war axe (weapon) {axe}
 e - a +0 short sword of speed {short}
   (You took it off a kobold on level 1 of the Dungeon)
Missiles
 f - 23 stones (quivered) {throwing}
 u - a throwing net {=f!fthrowing}
 x - 6 atropa-tipped darts {throwing}
 B - 5 poisoned darts {throwing}
Armour
 c - a +0 buckler (worn)
 p - a +0 cloak (worn)
   (You found it on level 2 of the Dungeon)
 q - a +0 pair of boots (worn)
   (You found it on level 2 of the Dungeon)
 s - a +0 pair of gloves (worn)
   (You found it on level 2 of the Dungeon)
 t - a +0 chain mail (worn)
   (You found it on level 2 of the Dungeon)
Magical Staves
 r - a staff of death {!astaff}
   (You found it on level 2 of the Dungeon)
 A - a staff of cold {!astaff}
   (You found it on level 4 of the Dungeon)
Jewellery
 D - a ring of magical power
   (You found it on level 4 of the Dungeon)
Scrolls
 g - a scroll of brand weapon {unknown}
 h - a scroll of blinking {unknown}
 j - a scroll of enchant weapon {unknown}
 l - 2 scrolls of fear {unknown}
 n - a scroll of torment {unknown}
 o - 3 scrolls of identify {unknown}
 w - 2 scrolls of teleportation {unknown}
 y - a scroll of poison {unknown}
 C - a scroll of vulnerability {unknown}
Potions
 b - 2 potions of attraction {unknown}
 d - a potion of might
 i - 3 potions of resistance {unknown}
 k - 2 potions of degeneration {unknown}
 m - a potion of haste {unknown}
 v - 2 potions of lignification {unknown}
 z - a potion of invisibility {unknown}

Dungeon Overview and Level Annotations

Branches:
Dungeon (4/15) Zot: 20485
 Temple: D:4-7

Altars:
Wu Jian

## ............. .###
#####.###.......... ...#
#......##..........
##.###......##....[.....
#...#......##..........
###........##..........
##..#######.))....... ##...#
#..o.....# ###.#####.{@.....#
#....##........#
#########.....#######
#......###..###### ###
#......#.........# #.# #
#......#.#...##### #.# ####
#......#.#...## #.######...
#.............#######.#........
#......#.##....†......##...#.##


You could see an orc priest.


Message History

The orc wizard hits you but does no damage.
The orc hits you with a +0 hand axe. You block the orc wizard's attack.
The orc priest looks braver for a moment. 😕 HP[-1]
You take 1 damage, and now have 58/61 hp.
You hit the orc wizard. You slash the orc wizard! You hit the orc.
The orc wizard hits you but does no damage.
The orc closely misses you.
The orc wizard hits you with a +0 dagger. 😕 HP[-1]
You take 1 damage, and now have 57/61 hp.
You hit the orc.
You kill the orc!
You barely miss the orc wizard. You hit the orc wizard.
The orc wizard gestures at you while chanting.
The magic dart hits you.
The orc priest mumbles some strange prayers to Beogh against you.
Pain shoots through your body! 😮 HP[-17]
You take 17 damage, and now have 40/61 hp.
MASSIVE DAMAGE!! (PAUSE)
You closely miss the orc wizard. Your headbutt misses the orc wizard.
You closely miss the orc wizard.
The orc wizard hits you but does no damage.
The orc priest mumbles some strange prayers to Beogh against you.
Pain shoots through your body!
* * * LOW HITPOINT WARNING * * *
The orc wizard hits you but does no damage. 😨 HP[-14]
You take 14 damage, and now have 26/61 hp.
MASSIVE DAMAGE!! (PAUSE)
You closely miss the orc wizard. Your headbutt misses the orc wizard.
You barely miss the orc wizard. You block the orc wizard's attack.
The orc priest casts a cantrip, but nothing happens.
The orc wizard barely misses you.
The orc wizard hits you with a +0 dagger.
* * * LOW HITPOINT WARNING * * *
The goblin hits you but does no damage.
The orc wizard hits you but does no damage. 😨 HP[-3]
You take 3 damage, and now have 23/61 hp.
You hit the orc wizard.
You kill the orc wizard!
You closely miss the goblin. You hit the orc wizard.
The goblin hits you with a +0 dagger.
* * * LOW HITPOINT WARNING * * *
The orc wizard mumbles some strange words.
The orc wizard flickers and vanishes!
Deactivating autopickup; reactivate with Ctrl-A. 😨 HP[-3]
You take 3 damage, and now have 20/61 hp.
You barely miss the orc priest.
You headbutt the orc priest, but do no damage.
You slash the goblin!
You kill the goblin!
You closely miss something.
You hear some strange, mumbled words.
Something tries to affect you, but you resist.
The orc priest barely misses you.
You barely miss the orc priest. Your headbutt misses the orc priest.
You completely miss something.
You hear some strange, mumbled words.
You are confused.
The orc priest invokes the aid of Beogh against you.
Beogh smites you!
* * * LOW HITPOINT WARNING * * *
😱 HP[-14]
You take 14 damage, and now have 6/61 hp.
MASSIVE DAMAGE!! (PAUSE)
The orc priest attacks as you move away!
The orc priest hits you but does no damage. 😱 HP[+1] You're too confused to move!
Something hits you.
* * * LOW HITPOINT WARNING * * *
The orc priest barely misses you. 😱 HP[-1]
You take 1 damage, and now have 6/61 hp.
Unknown command.
You closely miss the orc priest. You miss something.
Something hits you but does no damage. The orc priest barely misses you.
Something hits you.
* * * LOW HITPOINT WARNING * * *
The orc priest begins to cast a cantrip, but forgets the words! 😱 HP[-1]
You take 1 damage, and now have 5/61 hp.
You feel less confused. Something hits you.
* * * LOW HITPOINT WARNING * * *
The orc priest barely misses you. You furiously retaliate!
You headbutt the orc priest! 😱 HP[-2]
You take 2 damage, and now have 3/61 hp.
Unknown command.
You hit the orc priest. You closely miss something. Something hits you.
* * * LOW HITPOINT WARNING * * *
You block the orc priest's attack.
The orc priest calls down the wrath of Beogh upon you.
Beogh smites you!
You die...

Skill      XL: |  1  2  3  4  5  6 |
---------------+-------------------+-----
Axes           | 3 4 5 6 |  6.4
Shields        | 4 5 |  5.5
Armour         | 4 5 |  5.5
Fighting       | 4 5 |  5.5

Action                   |  1- 3 |  4- 6 |  7- 9 || total
-------------------------+-------+-------+-------++-------
Melee: War axe           |    60 |   122 |    22 ||   204
       Headbutt          |     5 |    18 |     4 ||    27
Armor: Scale mail        |    33 |     7 |       ||    40
       Chain mail        |       |    49 |    16 ||    65
Dodge: Dodged            |    33 |    59 |     9 ||   101
Block: Buckler           |    11 |    34 |     7 ||    52

Levels and vault maps discovered:
D:1:      spicycebolla_green_bress_n_ham, layout_basic,
          shapermc_ecumenical_altar_mp_vishouse, minmay_quantized
D:2:      layout_basic, basic_altar, minmay_misc_feat_x, minmay_tall_x
D:3:      layout_basic, uniq_grinder
D:4:      layout_basic

Notes
Turn   | Place    | Note
-------+----------+-------------------------------------------
     0 | D:1      | Sanktem7 the Minotaur Fighter began the quest for the Orb.
     0 | D:1      | Reached XP level 1. HP: 19/19 MP: 0/0
     0 | D:1      | magus.rc [v1.9.6]
   183 | D:1      | Reached XP level 2. HP: 27/27 MP: 1/1
   201 | D:1      | Reached skill level 3 in Axes
   402 | D:1      | Reached skill level 4 in Shields
   403 | D:1      | Reached skill level 4 in Armour
   403 | D:1      | Reached XP level 3. HP: 33/33 MP: 2/2
   406 | D:1      | Reached skill level 4 in Fighting
   664 | D:1      | Found a faded altar of an unknown god.
  1081 | D:2      | Found an ornate altar of the Wu Jian Council.
  1172 | D:2      | You pick up a book of Burglary and begin reading...
  1172 | D:2      | You add the spells Passwall, Ensorcelled Hibernation and
                  | Swiftness to your library.
  1262 | D:2      | Reached XP level 4. HP: 28/40 MP: 3/3
  2049 | D:3      | Reached skill level 4 in Axes
  2196 | D:3      | Reached XP level 5. HP: 46/47 MP: 4/4
  2458 | D:3      | You pick up a book of Geomancy and begin reading...
  2458 | D:3      | You add the spells Sandblast and Stone Arrow to your
                  | library.
  2556 | D:3      | Noticed Grinder
  2578 | D:3      | HP: 9/47 [Grinder (4)]
  2579 | D:3      | Killed Grinder
  2580 | D:3      | Reached skill level 5 in Fighting
  2580 | D:3      | Reached skill level 5 in Axes
  2580 | D:3      | Reached skill level 5 in Armour
  2580 | D:3      | Reached skill level 5 in Shields
  2580 | D:3      | Reached XP level 6. HP: 11/56 MP: 5/5
  3084 | D:4      | Reached skill level 6 in Axes
  3167 | D:4      | Reached XP level 7. HP: 61/61 MP: 6/6
  3443 | D:4      | HP: 6/61 [orc priest/divine providence (14)]
  3448 | D:4      | HP: 3/61 [something (2)]
  3449 | D:4      | Killed from afar by an orc priest

Vanquished Creatures
  Grinder (D:3)
  A necrophage (D:4)
  A hound (D:4)
  A jelly (D:4)
  2 orc priests
  2 orc wizards (D:4)
  5 gnolls
  5 adders
  3 dart slugs
  9 orcs
  7 ball pythons
  8 bats
  7 endoplasms
  A giant cockroach (D:4)
  10 goblins
  4 hobgoblins
  9 jackals
  5 quokkas
  3 frilled lizards
  5 kobolds
  6 rats
95 creatures vanquished.

Table legend:
 A = Non-vault XP
 B = Vault XP
 C = Vault XP percentage of total XP
 D = Non-vault monster count
 E = Vault monster count
 F = Vault count percentage of total count
                 A         B        C        D         E       F
            +---------+---------+-------+---------+---------+-------
      Total |     568 |     335 |  37.1 |      85 |      10 |  10.5
            +---------+---------+-------+---------+---------+-------
        D:1 |      47 |      22 |  31.9 |      26 |       5 |  16.1
        D:2 |      29 |      18 |  38.3 |      10 |       4 |  28.6
        D:3 |     172 |     295 |  63.2 |      31 |       1 |   3.1
        D:4 |     320 |       0 |   0.0 |      18 |       0 |   0.0
            +---------+---------+-------+---------+---------+-------

Illustrated notes

Table legend:
 A = Kills in this place as a percentage of kills in entire the game.
 B = Kills by you in this place as a percentage of kills by you in the entire game.
 C = Kills by friends in this place as a percentage of kills by friends in the entire game.
 D = Other kills in this place as a percentage of other kills in the entire game.
 E = Experience gained in this place as a percentage of experience gained in the entire game.
 F = Experience gained in this place divided by the number of levels of this place that you have seen.
                   A       B       C       D       E      F
               +-------+-------+-------+-------+-------+----------------------
         Total | 100.0 | 100.0 |   N/A |   N/A | 100.0 | 225.8
       Dungeon | 100.0 | 100.0 |   N/A |   N/A | 100.0 | 225.8
               +-------+-------+-------+-------+-------+----------------------

Table legend: (Time is in decaauts)
 A = Elapsed time spent in this place.
 B = Non-inter-level travel time spent in this place.
 C = Inter-level travel time spent in this place.
 D = Time resting spent in this place.
 E = Time spent auto-exploring this place.
 F = Levels seen in this place.
 G = Mean time per level.
                   A        B        C        D        E       F      G
               +--------+--------+--------+--------+--------+-----+--------+
         Total |   3513 |   3311 |    202 |      0 |   2779 |   4 |  878.2 |
       Dungeon |   3513 |   3311 |    202 |      0 |   2779 |   4 |  878.2 |
               +--------+--------+--------+--------+--------+-----+--------+

Top non-repeatable levels by time:
     D:1: 1086 daAuts
     D:3: 1014 daAuts
     D:2: 983 daAuts
     D:4: 428 daAuts
